 Dungeon Crawl Stone Soup version 0.22-a0-425-g89d60a1 (webtiles) character file.

380 nikopol the Chopper (level 6, -6/56 HPs)
             Began as a Minotaur Berserker on May 24, 2018.
             Was a Believer of Trog.
             Mangled by an iguana (8 damage)
             ... on level 4 of the Dungeon.
             The game lasted 00:04:07 (2312 turns).

nikopol the Chopper (Minotaur Berserker)            Turns: 2312, Time: 00:04:08

Health: -6/56      AC:  8    Str: 22    XL:     6   Next: 46%
Magic:  5/5        EV: 11    Int:  4    God:    Trog [**....]
Gold:   152        SH:  0    Dex: 11    Spells: 5/5 levels left

rFire    . . .     SeeInvis .   l - -3 hand axe (curse)
rCold    . . .     Gourm    .   (no shield)
rNeg     . . .     Faith    .   f - +1 scale mail {MR+}
rPois    .         Spirit   .   (helmet restricted)
rElec    .         Reflect  .   (no cloak)
rCorr    .         Harm     .   (no gloves)
MR       +....                  (no boots)
Stlth    ..........             (no amulet)
HPRegen  0.18/turn              (no ring)
MPRegen  0.09/turn              (no ring)

@: berserk cooldown, slowed, very slow
A: retaliatory headbutt, horns 2
a: Berserk, Trog's Hand, Renounce Religion


You were on level 4 of the Dungeon.
You worshipped Trog.
Trog was pleased with you.
You were very hungry.

You visited 1 branch of the dungeon, and saw 4 of its levels.

You collected 152 gold pieces.

Inventory:

Hand Weapons
 a - a +0 hand axe
 l - a cursed -3 hand axe (weapon)
Armour
 b - a +0 animal skin
 f - a +1 scale mail of magic resistance (worn)
 g - a +0 scale mail
 o - a +1 ring mail of magic resistance
Jewellery
 n - an uncursed ring of see invisible {unknown}
Wands
 j - a wand of enslavement (14)
Scrolls
 d - a scroll of teleportation
 e - a scroll of magic mapping
 h - 3 scrolls of identify
Potions
 i - 2 potions of curing
 m - 2 potions of heal wounds {unknown}
Comestibles
 c - 10 rations
 k - a chunk of flesh


   Skills:
 + Level 5.1 Fighting
 + Level 6.2 Axes
 + Level 4.4 Armour
 + Level 3.3 Dodging
 + Level 0.8 Stealth


You had 5 spell levels left.
You didn't know any spells.
Your spell library was empty.

Dungeon Overview and Level Annotations

Branches:
Dungeon (4/15)
 Temple: D:4-7

Altars:
Kikubaaqudgha


Innate Abilities, Weirdness & Mutations

You reflexively headbutt those who attack you in melee.
You have a pair of horns on your head.


Message History

Trog accepts your kill.
Your Fighting skill increases to level 5!
Your Axes skill increases to level 6!
Your Armour skill increases to level 4!
You have reached level 6!
Your experience leads to an increase in your attributes!
Your base attributes are Str 21, Int 4, Dex 11.
Increase (S)trength, (I)ntelligence, or (D)exterity?
Uppercase letters only, please.
You feel stronger.
You are no longer berserk.
You are exhausted.
You feel yourself slow down.
You hit the iguana.
The iguana is lightly wounded.
The iguana bites you!
* * * LOW HITPOINT WARNING * * *
You hit the iguana. You headbutt the iguana.
The iguana is moderately wounded.
The iguana bites you!
You die...

####.# ##+##
#....# #.####
#.# #.# ##.##
#...#
#.#.######.###
#......@l....#
##########.#...


You could see an iguana.

Vanquished Creatures
  The ghost of KristoblXynda the Chopper, an amateur DDFi (D:4)
  An ogre (D:4)
  Terence (D:2)
  2 orc wizards
  An adder (D:3)
  An ooze (D:1)
  A dart slug (D:1)
  7 orcs
  10 bats
  2 giant cockroaches
  5 goblins
  4 hobgoblins
  4 jackals (D:1)
  9 kobolds
  A ball python (D:2)
  2 frilled lizards (D:1)
  7 rats
59 creatures vanquished.

Notes
Turn   | Place    | Note
-------+----------+-------------------------------------------
     0 | D:1      | nikopol the Minotaur Berserker began the quest for the Orb.
     0 | D:1      | Reached XP level 1. HP: 19/19 MP: 0/0
    84 | D:1      | Reached skill level 4 in Axes
    84 | D:1      | Reached XP level 2. HP: 23/27 MP: 1/1
   330 | D:1      | Reached XP level 3. HP: 33/33 MP: 2/2
   346 | D:1      | Reached ** piety under Trog
   859 | D:2      | Found an ancient bone altar of Kikubaaqudgha.
  1049 | D:2      | Noticed Terence
  1064 | D:2      | Killed Terence
  1064 | D:2      | Reached XP level 4. HP: 20/41 MP: 3/3
  1762 | D:3      | Reached skill level 5 in Axes
  2207 | D:4      | Noticed an ogre
  2213 | D:4      | Killed an ogre
  2213 | D:4      | Reached XP level 5. HP: 47/47 MP: 4/4
  2291 | D:4      | Noticed KristoblXynda's ghost (amateur DDFi)
  2310 | D:4      | Killed KristoblXynda's ghost
  2310 | D:4      | Reached skill level 5 in Fighting
  2310 | D:4      | Reached skill level 6 in Axes
  2310 | D:4      | Reached XP level 6. HP: 14/56 MP: 5/5
  2311 | D:4      | HP: 2/56 [iguana (9)]
  2312 | D:4      | Mangled by an iguana

Vault maps used:
D:1:      saegor_arrival_miasma, minivault_4
D:2:      lemuel_round_altar, first_ration, glass_columns_b, uniq_terence
D:4:      uniq_blork_the_orc

Skill      XL: |  1  2  3  4  5 |
---------------+----------------+-----
Axes           | 4 5 6 |  6.2
Fighting       | 4 5 |  5.1
Armour         | 3 4 |  4.4
Dodging        | 3 |  3.3
Stealth        | |  0.8

Action                   |  1- 3 |  4- 6 || total
-------------------------+-------+-------++-------
Melee: Hand axe          |    71 |    85 ||   156
       Headbutt          |    17 |    19 ||    36
Invok: Berserk           |       |     2 ||     2
  Use: Scroll            |       |     4 ||     4
  Eat: Chunk             |       |     5 ||     5
Armor: Animal skin       |     4 |       ||     4
       Scale mail        |    28 |    28 ||    56
Dodge: Dodged            |    52 |    40 ||    92

Table legend:
 A = Spawn XP
 B = Non-spawn XP
 C = Spawn XP percentage of total XP
 D = Spawn monster count
 E = Non-spawn monster count
 F = Spawn count percentage of total count
 G = Total turns spent on level
                    A         B        C        D         E        F      G
               +---------+---------+-------+---------+---------+-------+---------
         Total |       0 |     543 |   0.0 |       0 |      59 |   0.0 |  2312
               +---------+---------+-------+---------+---------+-------+---------
           D:1 |       0 |      52 |   0.0 |       0 |      27 |   0.0 |   654
           D:2 |       0 |      55 |   0.0 |       0 |      13 |   0.0 |   853
           D:3 |       0 |      68 |   0.0 |       0 |      12 |   0.0 |   670
           D:4 |       0 |     368 |   0.0 |       0 |       7 |   0.0 |   135
               +---------+---------+-------+---------+---------+-------+---------
